AoeStats
← [Knusper] sycane

Black Forest

508076717Analyzed
4v4 RM · 13d ago on Sep 20, 2026· 57m 48s· 8 players
Game mode
Random Map
Map size
Large (8 player)
Population
200
Speed
Normal
Resources
Standard
Victory
Conquest
Starting age
Dark Age
Ending age
Imperial Age
RankedLock teamsTeams togetherTeam positionsShared explorationLock speedFull tech treeHidden civsTurbo modeCheats
Victory
Defeat
🇩🇪 Magyars · Germany
1065
+13
🇩🇪 Goths · Germany
1065
+13
🇩🇪 Spanish · Germany
1049
+14
🇩🇪 Teutons · Germany
1001
+15
🇲🇽 Chinese · Mexico
1002
-14
🇲🇽 Italians · Mexico
1002
-14
🇫🇷 Hindustanis · France
999
-14
🇨🇴 Mongols · Colombia
979
-13
M4PUCH3
3:30 Loom
13:11 Feudal Age
14:21 Double-Bit Axe
14:35 Horse Collar
21:39 Castle Age
20:33 Gold Mining
20:56 Fletching
22:11 Forging
22:02 Padded Archer Armor
22:30 Bloodlines
22:28 Scale Barding Armor
22:57 Bow Saw
22:58 Heavy Plow
25:05 Chain Barding Armor
26:21 Wheelbarrow
28:45 Hand Cart
28:18 Town Watch
28:28 Stone Mining
29:17 Gold Shaft Mining
30:40 Stone Shaft Mining
30:35 Husbandry
30:45 Elite Skirmisher
36:06 Imperial Age
34:00 Ballistics
36:16 Bodkin Arrow
36:37 Leather Archer Armor
38:16 Chemistry
37:23 Bracer
36:58 Heavy Camel Rider
38:35 Iron Casting
40:22 Two-Man Saw
42:53 Grand Trunk Road
42:56 Shatagni
51:12 Conscription
50:58 Grand Trunk Road
BL_ELEKA
0:51 Loom
13:20 Feudal Age
14:45 Double-Bit Axe
17:56 Wheelbarrow
20:15 Castle Age
18:38 Stone Mining
18:46 Horse Collar
19:01 Gold Mining
20:27 Fletching
23:50 Bow Saw
24:56 Wheelbarrow
25:57 Thumb Ring
25:48 Bodkin Arrow
25:54 Padded Archer Armor
25:41 Town Watch
26:41 Gold Shaft Mining
26:08 Heavy Plow
31:52 Imperial Age
32:46 Hand Cart
33:44 Chemistry
32:58 Masonry
33:08 Ballistics
33:02 Masonry
34:18 Two-Man Saw
34:04 Stone Shaft Mining
33:50 Bracer
34:06 Leather Archer Armor
34:33 Conscription
36:17 Conscription
36:47 Leather Archer Armor
38:12 Ring Archer Armor
37:49 Murder Holes
44:00 Crossbowman
45:09 Fortified Wall
45:10 Masonry
44:46 Arbalester
47:04 Coinage
46:17 Elite Skirmisher
Lancelot_
2:57 Loom
10:50 Feudal Age
16:36 Castle Age
14:32 Double-Bit Axe
14:29 Horse Collar
16:38 Stone Mining
18:29 Heavy Plow
27:33 Wheelbarrow
27:47 Gold Mining
28:47 Caravan
30:22 Hand Cart
30:47 Stone Shaft Mining
34:18 Imperial Age
31:41 Fletching
33:20 Padded Archer Armor
33:15 Bodkin Arrow
33:59 Forging
34:09 Murder Holes
34:49 Leather Archer Armor
35:11 Gold Shaft Mining
35:25 Conscription
35:36 Bow Saw
36:05 Iron Casting
35:25 Elite Mangudai
36:29 Scale Barding Armor
37:14 Ballistics
38:48 Chemistry
39:10 Blast Furnace
41:54 Chain Barding Armor
41:35 Scale Mail Armor
41:56 Bracer
42:30 Light Cavalry
43:20 Bloodlines
43:07 Hussar
44:38 Husbandry
46:48 Cavalier
46:50 Heavy Camel Rider
49:18 Chain Mail Armor
BL_DELROD
1:50 Loom
11:02 Feudal Age
18:38 Castle Age
16:42 Double-Bit Axe
26:42 Horse Collar
28:31 Heavy Plow
31:21 Wheelbarrow
32:13 Bow Saw
32:21 Padded Archer Armor
32:11 Fletching
35:41 Imperial Age
34:46 Leather Archer Armor
34:27 Bodkin Arrow
35:16 Hand Cart
36:20 Thumb Ring
37:25 Chemistry
35:59 Elite Genoese Crossbowman
38:24 Two-Man Saw
38:31 Ring Archer Armor
38:02 Bracer
38:43 Ballistics
41:25 Pirotechnia
41:57 Fortified Wall
42:08 Bombard Tower
44:04 Arrowslits
44:09 Guard Tower
47:01 Scale Mail Armor
47:11 Forging
50:25 Silk Road
Nathan-12356
5:31 Loom
11:19 Feudal Age
13:05 Wheelbarrow
12:42 Double-Bit Axe
18:49 Castle Age
16:41 Horse Collar
18:23 Gold Mining
20:47 Stone Mining
22:37 Stone Shaft Mining
25:11 Fervor
25:26 Town Watch
26:02 Hand Cart
29:39 Heavy Plow
30:26 Town Watch
31:06 Fortified Wall
34:56 Imperial Age
33:50 Murder Holes
34:05 Masonry
34:16 Ballistics
34:54 Bloodlines
35:54 Forging
35:38 Fletching
35:52 Elite Conquistador
39:05 Chemistry
41:10 Conscription
41:11 Town Patrol
41:39 Bodkin Arrow
41:45 Padded Archer Armor
41:56 Forging
41:53 Scale Barding Armor
42:37 Hoardings
44:33 Architecture
44:09 Bracer
44:25 Leather Archer Armor
44:46 Iron Casting
51:17 Caravan
53:31 Blast Furnace
53:02 Ring Archer Armor
56:17 Coinage
55:58 Guilds
[Knusper] sycane
7:41 Loom
11:34 Feudal Age
13:31 Double-Bit Axe
16:00 Castle Age
14:39 Horse Collar
16:57 Bow Saw
17:42 Wheelbarrow
17:25 Heavy Plow
29:39 Imperial Age
27:26 Hand Cart
27:14 Fletching
27:43 Stone Mining
27:46 Gold Mining
27:56 Bodkin Arrow
28:58 Ballistics
28:51 Scale Barding Armor
28:48 Padded Archer Armor
29:54 Leather Archer Armor
29:21 Treadmill Crane
29:47 Caravan
30:10 Bloodlines
30:36 Bracer
31:42 Chemistry
31:01 Husbandry
31:33 Conscription
31:51 Recurve Bow
32:16 Masonry
32:22 Masonry
32:23 Thumb Ring
32:43 Parthian Tactics
33:14 Ring Archer Armor
32:41 Cavalier
33:28 Scale Barding Armor
33:59 Heavy Cavalry Archer
36:18 Chain Barding Armor
36:40 Corvinian Army
37:19 Siege Engineers
39:19 Crop Rotation
39:51 Two-Man Saw
38:51 Paladin
41:33 Plate Barding Armor
44:39 Elite Skirmisher
47:40 Hoardings
47:05 Murder Holes
47:52 Light Cavalry
52:36 Hussar
[Knusper] Alex
4:08 Loom
13:19 Feudal Age
17:54 Castle Age
16:17 Double-Bit Axe
16:15 Horse Collar
19:43 Wheelbarrow
19:32 Heavy Plow
19:50 Bow Saw
21:34 Town Watch
25:42 Hand Cart
26:40 Gold Mining
31:22 Imperial Age
29:28 Anarchy
29:48 Squires
29:51 Scale Mail Armor
30:02 Forging
29:16 Pikeman
30:53 Stone Mining
32:01 Town Patrol
33:19 Two-Man Saw
32:46 Perfusion
33:40 Conscription
34:14 Elite Huskarl
35:21 Ballistics
35:12 Masonry
36:39 Chain Mail Armor
37:02 Iron Casting
38:53 Caravan
38:47 Halberdier
40:57 Chemistry
40:27 Architecture
42:19 Blast Furnace
41:09 Fletching
41:20 Padded Archer Armor
43:40 Heavy Scorpion
45:43 Leather Archer Armor
45:23 Bodkin Arrow
45:34 Scale Barding Armor
49:04 Ring Archer Armor
48:34 Bracer
47:59 Capped Ram
48:11 Onager
51:25 Fervor
51:36 Sanctity
52:42 Crop Rotation
55:01 Bloodlines
54:53 Husbandry
[Knusper] Antonio
2:17 Loom
13:19 Feudal Age
17:29 Castle Age
15:53 Horse Collar
15:59 Double-Bit Axe
18:09 Wheelbarrow
17:29 Stone Mining
18:58 Heavy Plow
20:10 Stone Shaft Mining
19:28 Gold Mining
24:13 Bow Saw
31:27 Hand Cart
34:30 Imperial Age
32:24 Fortified Wall
32:35 Ballistics
32:29 Masonry
33:44 Fletching
34:06 Forging
33:57 Scale Mail Armor
34:10 Town Watch
34:45 Bodkin Arrow
35:52 Iron Casting
35:21 Padded Archer Armor
35:54 Crop Rotation
36:27 Two-Man Saw
35:29 Town Patrol
35:04 Elite Teutonic Knight
36:06 Conscription
36:49 Crenellations
37:54 Hoardings
39:45 Chain Mail Armor
40:41 Blast Furnace
40:52 Chemistry
42:55 Onager
47:14 Siege Onager
48:51 Caravan
Connection lost

Rejoining the realm…

Still unreachable

The connection could not be restored.

Session expired

The server has moved on; the page needs a fresh start.